AoeStats
← 一喜之狼一

Nomad

507477368Analyzed
4v4 RM · 14d ago on Sep 18, 2026· 37m 41s· 8 players
Game mode
Random Map
Map size
231×231
Population
200
Speed
Normal
Resources
Standard
Victory
Conquest
Starting age
Dark Age
Ending age
Imperial Age
RankedLock teamsTeams togetherTeam positionsShared explorationLock speedFull tech treeHidden civsTurbo modeCheats
Victory
Defeat
🇮🇹 Huns · Italy
1099
+15
🇨🇳 Japanese · China
1075
+16
🇺🇸 Inca · United States
998
+19
🇫🇮 Persians · Finland
988
+19
🇨🇳 Persians · China
1094
-18
🇧🇪 Portuguese · Belgium
1088
-18
🇨🇱 Lithuanians · Chile
1053
-17
🇫🇷 Ethiopians · France
1036
-16
DAMM
6:22 Loom
13:07 Feudal Age
13:24 Man-at-Arms
14:02 Double-Bit Axe
21:33 Forging
28:32 Castle Age
28:03 Fletching
noumha
6:21 Loom
15:16 Feudal Age
22:16 Castle Age
28:15 Fletching
29:42 Crossbowman
30:34 Horse Collar
40:18 Imperial Age
野生西红柿
3:21 Loom
15:11 Feudal Age
15:42 Horse Collar
15:50 Double-Bit Axe
15:51 Town Watch
17:02 Wheelbarrow
17:45 Bloodlines
17:49 Fishing Lines
19:41 Scale Barding Armor
20:16 Fletching
21:15 Forging
27:03 Castle Age
25:08 Gold Mining
25:26 Stone Mining
28:09 Chain Barding Armor
28:25 Iron Casting
27:52 Husbandry
27:13 Light Cavalry
28:23 Bodkin Arrow
28:29 Padded Archer Armor
29:03 Heavy Plow
29:41 Bow Saw
29:45 Gillnets
30:09 Medium Warships
32:25 Gold Shaft Mining
32:47 Stone Shaft Mining
33:28 Hand Cart
37:13 Leather Archer Armor
Kedyros
10:56 Loom
14:49 Feudal Age
25:29 Castle Age
Johnley oner
3:47 Loom
15:24 Feudal Age
16:44 Wheelbarrow
15:58 Double-Bit Axe
15:54 Horse Collar
19:50 Fishing Lines
25:33 Castle Age
25:23 Stone Mining
26:31 Hand Cart
26:30 Bow Saw
26:26 Heavy Plow
25:51 Pikeman
29:01 Medium Warships
28:45 Gillnets
29:13 Gold Mining
30:40 Fletching
31:01 Forging
30:51 Scale Mail Armor
30:58 Squires
31:49 Murder Holes
32:02 Bodkin Arrow
35:00 Stone Shaft Mining
35:54 Gold Shaft Mining
40:37 Imperial Age
Lasse Sievinen
10:00 Loom
15:00 Feudal Age
17:09 Wheelbarrow
21:50 Horse Collar
25:28 Fletching
28:57 Castle Age
27:48 Scale Mail Armor
31:02 Bodkin Arrow
31:08 Padded Archer Armor
30:43 Crossbowman
32:45 Kamandaran
35:24 Double-Bit Axe
37:55 Thumb Ring
flegrea44
5:01 Loom
14:55 Feudal Age
19:27 Castle Age
17:53 Double-Bit Axe
19:08 Forging
19:07 Scale Barding Armor
19:13 Forging
18:59 Gold Mining
22:33 Bow Saw
32:41 Gold Shaft Mining
31:57 Stone Mining
33:18 Iron Casting
33:04 Chain Barding Armor
34:31 Husbandry
一喜之狼一
17:06 Feudal Age
17:03 Loom
17:17 Man-at-Arms
17:45 Arson
25:05 Castle Age
23:58 Forging
23:48 Scale Mail Armor
24:46 Stone Mining
24:52 Double-Bit Axe
25:22 Long Swordsman
26:02 Squires
27:44 Iron Casting
27:25 Chain Mail Armor
27:21 Pikeman
30:31 Gold Mining
35:18 Chain Mail Armor
Connection lost

Rejoining the realm…

Still unreachable

The connection could not be restored.

Session expired

The server has moved on; the page needs a fresh start.